 Dungeon Crawl Stone Soup version 0.18-a0-1071-g9f02aef (webtiles) character file.

3175 Reinor the Fighter (level 9, 0/85 HPs)
             Began as a Ghoul Monk on Jan 14, 2016.
             Was a Believer of Qazlal.
             Killed from afar by a manticore (10 damage)
             ... with a volley of spikes
             ... on level 8 of the Dungeon.
             The game lasted 00:28:27 (6459 turns).

Reinor the Fighter (Ghoul Monk)                     Turns: 6459, Time: 00:28:27

Health: 0/85       AC:  6    Str: 15    XL:     9   Next: 95%
Magic:  8/8        EV: 15    Int:  5    God:    Qazlal [**....]
Gold:   442        SH:  2    Dex: 14    Spells: 0 memorised, 8 levels left

rFire  . . .     SeeInvis .       - Unarmed
rCold  + . .     Gourm    .     g - +0 ring mail
rNeg   + + +     Faith    .     (no shield)
rPois  ∞         Spirit   .     (no helmet)
rElec  .         Dismiss  .     r - +0 cloak
rCorr  .         Reflect  .     (no gloves)
SustAt .         Harm     .     (no boots)
MR     .....                    (no amulet)
Stlth  ..........               v - ring of loudness (curse)
                                h - ring of wizardry

@: manticore barbs, rotting, not resistant to hostile enchantments, extremely
unstealthy
A: rotting body, claws 1, carnivore 3, cold resistance 1, negative energy
resistance 3, slow regeneration 1, torment resistance, unbreathing
a: Upheaval, Renounce Religion


You were on level 8 of the Dungeon.
You worshipped Qazlal.
Qazlal was pleased with you.
You were not hungry.

You visited 2 branches of the dungeon, and saw 9 of its levels.
You also visited: Sewer.

You collected 442 gold pieces.

Inventory:

Missiles
 s - 7 curare-tipped needles
Armour
 g - a +0 ring mail (worn)
 m - a +1 shield
 r - a +0 cloak (worn)
Jewellery
 h - a ring of wizardry (left claw)
 v - a cursed ring of loudness (right claw)
Scrolls
 f - 4 scrolls of teleportation
 k - 5 scrolls of remove curse
 l - 2 scrolls of immolation
 p - 2 scrolls of magic mapping
 x - a scroll of amnesia
 y - a scroll of recharging
 z - a scroll of fear
Potions
 c - 2 potions of curing
 d - 2 potions of heal wounds
 e - 3 potions of magic
 j - 3 potions of brilliance
 n - 2 potions of might
 o - 3 potions of haste
 w - a potion of cancellation {unknown}
Books
 i - a book of Annihilations

   Spells                             Type                      Level
   a - Poison Arrow                   Conjuration/Poison           6
   b - Chain Lightning                Conjuration/Air              8
   c - Lehudib's Crystal Spear        Conjuration/Earth            8
   d - Glaciate                       Conjuration/Ice              9
   e - Fire Storm                     Conjuration/Fire             9
Miscellaneous
 q - a plain deck of changes
Comestibles
 b - a meat ration
 t - 7 beef jerkies


   Skills:
 + Level 9.9 Fighting
 - Level 8.2 Dodging
 - Level 2.1 Stealth
 - Level 4.4 Shields
 - Level 6.2 Unarmed Combat


You had 8 spell levels left.
You didn't know any spells.

Dungeon Overview and Level Annotations

Branches:
Dungeon (8/15)             Temple (1/1) D:6
   Lair: D:8-11

Altars:
Cheibriados
Fedhas
Gozag
Kikubaaqudgha
Makhleb
Nemelex Xobeh
Okawaru
Pakellas
Qazlal
Ru
Zin
The Shining One
Jiyva

Shops:
D:4 (


Innate Abilities, Weirdness & Mutations

Your body is rotting away.
You thrive on raw meat.
You are immune to poison.
You have sharp fingernails.
You are carnivorous and can eat meat at any time.
Your flesh is cold resistant.
You are immune to negative energy.
You regenerate slowly when monsters are visible.
You are immune to unholy pain and torment.
You can survive without breathing.


Message History

The orc warrior is almost dead.
You block the orc warrior's attack.
The orc priest calls upon Beogh to heal the orc warrior.
The orc warrior is healed somewhat.
A crimson imp comes into view.
Your ring mail prevents you from hitting the crimson imp.
The orc warrior hits you with a dire flail!
* * * LOW HITPOINT WARNING * * *
The crimson imp blinks!
You block the crimson imp's attack.
The manticore flicks its tail.
The volley of spikes hits you!
The barbed spikes become lodged in your body.
* * * LOW HITPOINT WARNING * * *
Drink which item? (? for menu, Esc to quit)
You feel better.
The manticore flicks its tail.
The volley of spikes hits you!
The barbed spikes become lodged in your body.
You die...

######.##......##.#.##
#....................#
######.###.....##.#..#
##.###.....##....##
#<................#
##.#####.#.##..#..#
#.# #.#.##..#..# #.#
#.#.......##
#.#####..@##....#
#........5§.....#
#######.#.o....## ####
#.#.###Ho# ####...##
#.#.# #..###....o...
###.# ##.o..o..###..
#.# ######.####.o #.#
#....oo. ### ######.#


You could see a manticore, 2 orc warriors, an orc priest and a crimson imp.

Vanquished Creatures
  Erica (D:8)
  Prince Ribbit (D:6)
  A sky beast (D:7)
  2 ice beasts
  3 necrophages
  4 phantoms
  5 ogres
  A centaur (D:5)
  2 giant frogs
  A scorpion (D:4)
  A crimson imp (D:5)
  A centaur zombie (D:6)
  4 jellies
  3 hounds
  A wasp zombie (D:5)
  4 orc wizards
  Jessica (D:2)
  A worker ant (D:7)
  A mummy (D:7)
  A hound skeleton (D:6)
  8 adders
  4 gnolls (D:3)
  A river rat (Sewer)
  2 shadow imps
  An ooze (D:1)
  An adder zombie (D:6)
  A worm (D:2)
  6 giant geckos
  17 orcs
  4 giant cockroaches
  10 goblins
  9 hobgoblins
  11 jackals
  8 kobolds
  4 quokkas
  5 ball pythons
  2 bats
  16 giant newts
  A kobold zombie (D:7)
  3 orc zombies (D:7)
  8 rats
161 creatures vanquished.

Notes
Turn   | Place    | Note
--------------------------------------------------------------
     0 | D:1      | Reinor the Ghoul Monk began the quest for the Orb.
     0 | D:1      | Reached XP level 1. HP: 19/19 MP: 0/0
    56 | D:1      | Reached XP level 2. HP: 16/26 MP: 1/1
   146 | D:1      | Reached skill level 5 in Unarmed Combat
   307 | D:1      | Reached XP level 3. HP: 23/31 MP: 2/2
  1004 | D:2      | Noticed Jessica
  1017 | D:2      | Killed Jessica
  1017 | D:2      | Reached skill level 6 in Unarmed Combat
  1017 | D:2      | Reached XP level 4. HP: 38/38 MP: 3/3
  1346 | D:2      | Found a burning altar of Makhleb.
  1349 | D:2      | Reached XP level 5. HP: 43/45 MP: 4/4
  1634 | D:3      | Found an ancient bone altar of Kikubaaqudgha.
  1819 | D:3      | Found a glowing drain.
  1840 | Sewer    | Entered a sewer
  2248 | D:3      | Reached XP level 6. HP: 40/51 MP: 5/5
  2310 | D:3      | Found a burning altar of Makhleb.
  2597 | D:4      | Reached skill level 5 in Dodging
  2653 | D:4      | Noticed a phantom
  2943 | D:4      | Noticed a necrophage
  2943 | D:4      | Noticed a phantom
  2957 | D:4      | Killed a phantom
  2957 | D:4      | Reached XP level 7. HP: 29/57 MP: 6/6
  3071 | D:4      | Reached skill level 7 in Dodging
  3166 | D:4      | Found Mehautow's Antique Weapon Boutique.
  3275 | D:4      | Reached XP level 8. HP: 26/63 MP: 7/7
  3325 | D:4      | Found a sparkling altar of Nemelex Xobeh.
  3397 | D:5      | Entered Level 5 of the Dungeon
  3621 | D:5      | Reached skill level 8 in Dodging
  3955 | D:5      | Found Wiefes's Weapon Boutique.
  4225 | D:6      | Reached skill level 5 in Fighting
  4394 | D:6      | Found a staircase to the Ecumenical Temple.
  4418 | Temple   | Entered the Ecumenical Temple
  4529 | Temple   | Became a worshipper of Qazlal Stormbringer
  4529 | Temple   | Reached * piety under Qazlal
  4529 | Temple   | Reached ** piety under Qazlal
  4612 | D:6      | Noticed Prince Ribbit
  4951 | D:6      | Killed Prince Ribbit
  4958 | D:6      | Reached XP level 9. HP: 67/79 MP: 8/8
  5740 | D:7      | Reached skill level 9 in Fighting
  6299 | D:8      | Noticed Erica
  6324 | D:8      | Killed Erica
  6388 | D:8      | Found a sacrificial altar of Ru.
  6432 | D:8      | Noticed a manticore
  6458 | D:8      | HP: 4/85 [manticore/volley of spikes (8)]
  6459 | D:8      | Killed from afar by a manticore

Vault maps used:
D:1:      lemuel_arrival_hallway
D:2:      first_bread, hangedman_glass_teeth, makhleb_blood_cavern_becter,
          uniq_jessica
D:3:      kiku_gazebo_garden_becter, lemuel_round_altar, portal_sewer_entry_b
D:4:      nemelex_deck, serial_shops, kennysheep_little_box,
          minmay_divided_ellipse
D:5:      hangedman_abyss_or_decor_slice, kennysheep_small_square
D:6:      minmay_temple_entry_statues_fountains, bh_walls_and_bars,
          uniq_prince_ribbit1
D:7:      grunt_ogre_cave, minmay_mini_ossuary
D:8:      grunt_temple_overflow_open, lemuel_crystal_altar,
          minmay_pinched_square, uniq_erolcha, uniq_erica, uniq_grum
Temple:   pf_slime_end_temple
Sewer:    sewer_co_cracked_pipes

Action                   |  1- 3 |  4- 6 |  7- 9 || total
-------------------------+-------+-------+-------++-------
Melee: Unarmed           |   108 |   235 |   376 ||   719
  Use: Scroll            |       |    10 |     5 ||    15
       Potion            |       |     1 |     6 ||     7
 Stab: Sleeping          |     1 |     4 |     2 ||     7
  Eat: Chunk             |    11 |    13 |    17 ||    41
